2973 views
Uploaded 2020-04-17 02:18:17
Game version 1.32.3
23:02 long 1on1 ladder game on (2)TerenasStand_LV
Saved by BEARAND
2973 views
Uploaded 2020-04-17 02:18:17
Game version 1.32.3
23:02 long 1on1 ladder game on (2)TerenasStand_LV

/ 0.8k
18 buildings @ 3.1k
/ 1.4k


| Wisp | 19 | 1140 | / | 0 |
| Archer | 11 | 1430 | / | 110 |
| Dryad | 2 | 290 | / | 120 |
| Chimaera | 6 | 1980 | / | 420 |
| Mountain Giant | 1 | 350 | / | 100 |
| Glaive Thrower | 1 | 210 | / | 65 |
| Forest Troll Shadow Priest | 1 | 195 | / | 10 |
| total: | 41 | 5595g | / | 825w |
| Altar of Elders | 1 | 180 | / | 50 |
| Moon Well | 8 | 1440 | / | 320 |
| Ancient of War | 1 | 150 | / | 60 |
| Hunter's Hall | 1 | 210 | / | 100 |
| Tree of Life | 1 | 340 | / | 185 |
| Ancient of Wonders | 2 | 180 | / | 60 |
| Ancient of Lore | 2 | 310 | / | 290 |
| Chimaera Roost | 2 | 280 | / | 380 |
| Tree of Ages | 1 | 320 | / | 180 |
| Tree of Eternity | 1 | 330 | / | 200 |
| total: | 18 | 3090g | / | 1445w |
| 0:04 | Wisp |
| 0:04 | Wisp |
| 0:08 | Altar of Elders |
| 0:22 | Moon Well |
| 0:27 | Wisp |
| 0:35 | Ancient of War |
| 0:38 | Wisp |
| 0:49 | Wisp |
| 0:54 | Wisp |
| 1:27 | Moon Well |
| 1:29 | Wisp |
| 1:37 | Archer |
| 1:45 | Archer |
| 2:06 | Archer |
| 2:20 | Moon Well |
| 2:32 | Immolation |
| 2:37 | Archer |
| 2:43 | Archer |
| 3:13 | Tree of Ages |
| 3:26 | Archer |
| 3:34 | Mana Burn |
| 3:41 | Forest Troll Shadow Priest |
| 3:53 | Archer |
| 4:09 | Archer |
| 4:41 | Archer |
| 5:10 | Hunter's Hall |
| 5:12 | Archer |
| 6:12 | Wisp |
| 6:20 | Ancient of Lore |
| 6:27 | Mana Burn |
| 6:35 | Archer |
| 6:37 | Strength of the Wild |
| 6:46 | Scout |
| 7:11 | Wisp |
| 7:54 | Abolish Magic |
| 7:59 | Ancient of Lore |
| 8:02 | Wisp |
| 8:02 | Wisp |
| 8:03 | Wisp |
| 8:29 | Moon Well |
| 9:05 | Tree of Eternity |
| 9:11 | Searing Arrows |
| 9:15 | Immolation |
| 9:54 | Moon Well |
| 9:55 | Dryad |
| 11:20 | Moon Well |
| 11:31 | Wisp |
| 11:42 | Chimaera Roost |
| 11:46 | Chimaera Roost |
| 11:49 | Wisp |
| 11:50 | Wisp |
| 12:06 | Searing Arrows |
| 12:21 | Moon Well |
| 12:23 | Dryad |
| 12:27 | Improved Strength of the Wild |
| 12:27 | Reinforced Hides |
| 13:13 | Corrosive Breath |
| 13:28 | Wisp |
| 13:42 | Tree of Life |
| 14:01 | Chimaera |
| 14:18 | Ancient of Wonders |
| 14:31 | Ancient of Wonders |
| 14:51 | Improved Reinforced Hides |
| 14:54 | Chimaera |
| 15:43 | Moon Well |
| 15:46 | Hardened Skin |
| 15:52 | Chimaera |
| 15:58 | Resistant Skin |
| 16:02 | Wisp |
| 16:02 | Wisp |
| 16:38 | Wisp |
| 16:47 | Chimaera |
| 17:24 | Chimaera |
| 18:16 | Mountain Giant |
| 18:52 | Advanced Reinforced Hides |
| 19:38 | Glaive Thrower |
| 20:25 | Chimaera |
| Right click | 329 |
| Select | 239 |
| Select group | 173 |
| Build/train/purchase | 75 |
| Assign group | 18 |
| Misc. action | 3 |
| Use ability | 2 |
| Item give/drop | 2 |
23 units @ 3.1k
/ 0.4k
84 buildings @ 4.4k
/ 2.4k



| Scroll of Regeneration | 1 | 100 |
| Staff of Sanctuary | 3 | 750 |
| Orb of Fire | 2 | 650 |
| Boots of Speed | 3 | 750 |
| Staff of Teleportation | 3 | 450 |
| Periapt of Vitality | 1 | 325 |
| Circlet of Nobility | 1 | 175 |
| total: | 14 | 3200g |
| Peasant | 15 | 1125 | / | 0 |
| Dragonhawk Rider | 5 | 1000 | / | 150 |
| Goblin Shredder | 2 | 750 | / | 200 |
| Goblin Zeppelin | 1 | 240 | / | 60 |
| total: | 23 | 3115g | / | 410w |
| Scout Tower | 69 | 2070 | / | 1380 |
| Arcane Tower | 2 | 140 | / | 100 |
| Guard Tower | 51 | 3570 | / | 2550 |
| Altar of Kings | 1 | 180 | / | 50 |
| Farm | 5 | 400 | / | 100 |
| Lumber Mill | 1 | 120 | / | 0 |
| Arcane Vault | 2 | 260 | / | 60 |
| Town Hall | 2 | 770 | / | 410 |
| Blacksmith | 1 | 140 | / | 60 |
| Barracks | 1 | 160 | / | 60 |
| Gryphon Aviary | 1 | 140 | / | 150 |
| Arcane Sanctum | 1 | 150 | / | 140 |
| Keep | 1 | 320 | / | 210 |
| Castle | 1 | 360 | / | 210 |
| total: | 84 | 4390g | / | 2410w |
| 0:02 | Peasant |
| 0:02 | Peasant |
| 0:04 | Peasant |
| 0:04 | Peasant |
| 0:04 | Peasant |
| 0:12 | Altar of Kings |
| 0:19 | Farm |
| 0:42 | Peasant |
| 0:50 | Lumber Mill |
| 0:52 | Scout Tower |
| 0:56 | Peasant |
| 1:21 | Farm |
| 1:24 | Arcane Vault |
| 1:26 | Peasant |
| 1:27 | Peasant |
| 1:39 | Arcane Tower |
| 1:51 | Scout Tower |
| 2:13 | Blizzard |
| 2:16 | Peasant |
| 2:16 | Peasant |
| 2:16 | Peasant |
| 2:17 | Peasant |
| 2:18 | Guard Tower |
| 2:19 | Scout Tower |
| 3:01 | Guard Tower |
| 3:11 | Brilliance Aura |
| 3:15 | Peasant |
| 3:22 | Peasant |
| 3:24 | Scout Tower |
| 3:24 | Scout Tower |
| 3:35 | Improved Masonry |
| 4:18 | Guard Tower |
| 4:22 | Scout Tower |
| 4:23 | Scout Tower |
| 4:23 | Scout Tower |
| 4:49 | Town Hall |
| 4:51 | Boots of Speed |
| 4:51 | Staff of Teleportation |
| 4:57 | Guard Tower |
| 5:05 | Arcane Tower |
| 5:06 | Guard Tower |
| 5:12 | Scout Tower |
| 5:17 | Scout Tower |
| 5:41 | Scout Tower |
| 5:43 | Guard Tower |
| 6:05 | Scout Tower |
| 6:05 | Guard Tower |
| 6:07 | Keep |
| 6:30 | Guard Tower |
| 6:32 | Scout Tower |
| 6:33 | Guard Tower |
| 6:34 | Scout Tower |
| 6:35 | Scout Tower |
| 6:38 | Scroll of Regeneration |
| 7:24 | Goblin Shredder |
| 7:45 | Guard Tower |
| 7:56 | Scout Tower |
| 8:28 | Guard Tower |
| 8:58 | Blizzard |
| 9:14 | Guard Tower |
| 9:25 | Improved Lumber Harvesting |
| 10:38 | Storm Bolt |
| 10:57 | Goblin Shredder |
| 10:59 | Goblin Zeppelin |
| 11:19 | Advanced Masonry |
| 11:27 | Arcane Vault |
| 11:32 | Brilliance Aura |
| 11:50 | Guard Tower |
| 12:14 | Castle |
| 12:33 | Scout Tower |
| 12:33 | Scout Tower |
| 12:34 | Scout Tower |
| 12:37 | Scout Tower |
| 12:37 | Scout Tower |
| 12:37 | Scout Tower |
| 12:47 | Scout Tower |
| 12:48 | Scout Tower |
| 12:49 | Scout Tower |
| 12:49 | Scout Tower |
| 12:50 | Scout Tower |
| 12:50 | Scout Tower |
| 12:53 | Gryphon Aviary |
| 12:57 | Staff of Teleportation |
| 12:59 | Boots of Speed |
| 13:02 | Periapt of Vitality |
| 13:04 | Guard Tower |
| 13:10 | Guard Tower |
| 13:16 | Guard Tower |
| 13:17 | Guard Tower |
| 13:33 | Scout Tower |
| 13:34 | Scout Tower |
| 13:34 | Scout Tower |
| 13:35 | Scout Tower |
| 13:35 | Scout Tower |
| 13:36 | Scout Tower |
| 13:41 | Guard Tower |
| 13:47 | Guard Tower |
| 13:56 | Arcane Sanctum |
| 14:20 | Scout Tower |
| 14:21 | Scout Tower |
| 14:21 | Scout Tower |
| 14:23 | Guard Tower |
| 14:47 | Staff of Sanctuary |
| 14:49 | Orb of Fire |
| 14:54 | Staff of Sanctuary |
| 14:57 | Guard Tower |
| 15:01 | Farm |
| 15:03 | Guard Tower |
| 15:03 | Guard Tower |
| 15:04 | Guard Tower |
| 15:06 | Guard Tower |
| 15:32 | Bash |
| 15:41 | Holy Light |
| 15:46 | Guard Tower |
| 15:53 | Guard Tower |
| 15:54 | Guard Tower |
| 15:55 | Guard Tower |
| 16:36 | Boots of Speed |
| 16:37 | Staff of Teleportation |
| 16:39 | Circlet of Nobility |
| 16:50 | Staff of Sanctuary |
| 16:51 | Orb of Fire |
| 17:00 | Dragonhawk Rider |
| 17:00 | Dragonhawk Rider |
| 17:03 | Farm |
| 17:04 | Farm |
| 17:07 | Blacksmith |
| 17:08 | Barracks |
| 17:17 | Town Hall |
| 17:18 | Scout Tower |
| 17:19 | Scout Tower |
| 17:19 | Scout Tower |
| 17:19 | Scout Tower |
| 17:20 | Scout Tower |
| 17:20 | Scout Tower |
| 17:20 | Scout Tower |
| 17:21 | Scout Tower |
| 17:21 | Scout Tower |
| 17:21 | Scout Tower |
| 17:22 | Scout Tower |
| 17:22 | Scout Tower |
| 17:22 | Scout Tower |
| 17:22 | Scout Tower |
| 18:10 | Guard Tower |
| 18:15 | Dragonhawk Rider |
| 18:16 | Dragonhawk Rider |
| 18:18 | Imbued Masonry |
| 18:23 | Scout Tower |
| 18:24 | Scout Tower |
| 18:24 | Scout Tower |
| 18:25 | Scout Tower |
| 18:25 | Scout Tower |
| 18:25 | Scout Tower |
| 18:27 | Guard Tower |
| 18:41 | Guard Tower |
| 18:55 | Dragonhawk Rider |
| 19:08 | Iron Forged Swords |
| 19:08 | Studded Leather Armor |
| 19:12 | Scout Tower |
| 19:12 | Scout Tower |
| 19:31 | Guard Tower |
| 19:32 | Guard Tower |
| 19:35 | Animal War Training |
| 19:47 | Cloud |
| 19:52 | Guard Tower |
| 19:52 | Guard Tower |
| 20:02 | Guard Tower |
| 20:17 | Steel Forged Swords |
| 20:31 | Guard Tower |
| 20:33 | Scout Tower |
| 20:33 | Scout Tower |
| 20:49 | Guard Tower |
| 20:49 | Guard Tower |
| 21:02 | Guard Tower |
| 21:07 | Guard Tower |
| 21:07 | Guard Tower |
| 21:08 | Scout Tower |
| 21:09 | Scout Tower |
| 21:13 | Scout Tower |
| 21:14 | Scout Tower |
| 21:15 | Scout Tower |
| 21:15 | Scout Tower |
| 21:15 | Scout Tower |
| 21:16 | Scout Tower |
| 21:47 | Mithril Forged Swords |
| 22:16 | Reinforced Leather Armor |
| Right click | 1915 |
| Select | 622 |
| Select group | 443 |
| Build/train/purchase | 191 |
| Use ability | 53 |
| Chat | 42 |
| Misc. action | 37 |
| Assign group | 28 |
| Item give/drop | 10 |
| Remove unit | 3 |
โ